 Dungeon Crawl Stone Soup version 0.29.1-1-gd02db6906a (webtiles) character file.

Game seed: 11689487144033220020

223 Descartes the Shield-Bearer (level 6, -2/48 HPs)
             Began as a Formicid Fighter on Oct 1, 2022.
             Slain by Crazy Yiuf
             ... wielding a +3 quarterstaff of chaos
              (12 damage)
             ... on level 2 of the Dungeon.
             The game lasted 00:02:52 (2385 turns).

Descartes the Shield-Bearer (Formicid Fighter)      Turns: 2385, Time: 00:02:52

Health: -2/48      AC:  7    Str: 22    XL:     6   Next: 20%
Magic:  6/6        EV:  9    Int:  8    God:
Gold:   145        SH:  5    Dex: 13    Spells: 5/5 levels left

rFire   . . .      SeeInvis +   a - +0 war axe
rCold   . . .      Faith    .   c - +0 buckler
rNeg    . . .      Spirit   .   b - +0 scale mail
rPois   .          Reflect  .   (helmet unavailable)
rElec   .          Harm     .   (no cloak)
rCorr   .          Rampage  .   (no gloves)
Will    .....                   (no boots)
Stlth   ..........              (no amulet)
HPRegen 0.16/turn               (no ring)
MPRegen 0.10/turn               (no ring)

@: no status effects
A: permanent stasis, dig shafts and tunnels, antennae 3, four strong arms
a: Dig, Shaft Self


You were on level 2 of the Dungeon.
You visited 1 branch of the dungeon, and saw 2 of its levels.

You collected 145 gold pieces.

Inventory:

Hand Weapons
 a - a +0 war axe (weapon)
Missiles
 o - 5 poisoned darts
Armour
 b - a +0 scale mail (worn)
 c - a +0 buckler (worn)
Jewellery
 k - a +6 ring of dexterity
Scrolls
 f - 2 scrolls of fog {unknown}
 h - a scroll of fear {unknown}
 m - 2 scrolls of identify {unknown}
 n - 2 scrolls of teleportation {unknown}
 p - a scroll of magic mapping {unknown}
 q - a scroll of poison {unknown}
Potions
 e - a potion of ambrosia {unknown}
 i - a potion of flight {unknown}
 j - a potion of degeneration {unknown}
 l - a potion of invisibility {unknown}
 r - a potion of haste {unknown}


   Skills:
 + Level 3.9 Fighting
 + Level 2.7(3.1) Axes
 + Level 1.4(2.2) Maces & Flails
 + Level 1.6(2.4) Polearms
 + Level 3.8 Armour
 * Level 5.4 Shields
 + Level 1.3 Translocations
 + Level 1.6 Evocations


You had 5 spell levels left.
You didn't know any spells.
Your spell library was empty.

Dungeon Overview and Level Annotations

Branches:
Dungeon (2/15)

Altars:
Ashenzari

Annotations:
D:2 Crazy Yiuf


Innate Abilities, Weirdness & Mutations

You cannot be hasted, slowed, berserked, paralysed or teleported.
You can dig through walls and to a lower floor.
You have a pair of large antennae on your head. (SInv)
Your four strong arms can wield two-handed weapons with a shield.


Message History

a +0 scythe; a +0 robe; the human skeleton of Sigmund
Things that are here:
a +0 chain mail; a hobgoblin skeleton You see here a +0 dagger.
Crazy Yiuf shouts!
As you open the door, it creaks loudly!
You barely miss Crazy Yiuf.
Crazy Yiuf hits you with a +3 quarterstaff of chaos.
Crazy Yiuf freezes you.
Crazy Yiuf hits you with a +3 quarterstaff of chaos.
You are poisoned.
You hit Crazy Yiuf.
Crazy Yiuf is lightly wounded.
You feel very sick.
Crazy Yiuf screams, "Mugger shoe childish!"
Crazy Yiuf hits you with a +3 quarterstaff of chaos!
You are more poisoned.
You closely miss Crazy Yiuf.
Crazy Yiuf is lightly wounded.
You feel very sick.
Crazy Yiuf hits you with a +3 quarterstaff of chaos.
You are lethally poisoned!
Crazy Yiuf barely misses you.
You hit Crazy Yiuf but do no damage.
Crazy Yiuf is lightly wounded.
* * * LOW HITPOINT WARNING * * *
You feel extremely sick. Crazy Yiuf completely misses you.
You closely miss Crazy Yiuf.
Crazy Yiuf is lightly wounded.
* * * LOW HITPOINT WARNING * * *
You feel very sick. Crazy Yiuf barely misses you.
It was a potion of cancellation.
You feel magically purged.
* * * LOW HITPOINT WARNING * * *
You feel very sick. Crazy Yiuf barely misses you.
It was a potion of curing.
You feel better.
Crazy Yiuf hits you with a +3 quarterstaff of chaos!
You die...

########...##..####.........####
#.....###...# #.....[...##..
####.###.##....# #.........#..#
#......######### #####)......##
#......# #.....#### #......#
#.)....... #......##♣♣ ###
#.....#### #.......#.♣♣ ♣♣#..)#
#.....# #.)..<.....♣♣♣♣@g...#
#....[# ######......♣..♣#...#
#.....# ##.#..♣.♣♣♣ ### #....##
###♣♣♣♣♣ #...## #####


You could see Crazy Yiuf.

Vanquished Creatures
  Sigmund (D:2)
  An adder (D:2)
  A worm (D:2)
  2 dart slugs
  5 endoplasms
  A giant cockroach (D:1)
  4 goblins
  6 hobgoblins
  A quokka (D:2)
  11 ball pythons
  2 frilled lizards (D:1)
  6 kobolds
  7 rats
48 creatures vanquished.

Notes
Turn   | Place    | Note
-------+----------+-------------------------------------------
     0 | D:1      | Descartes the Formicid Fighter began the quest for the Orb.
     0 | D:1      | Reached XP level 1. HP: 18/18 MP: 1/1
   498 | D:1      | Reached XP level 2. HP: 12/24 MP: 2/2
   962 | D:1      | Reached XP level 3. HP: 29/29 MP: 3/3
   964 | D:1      | Found a faded altar of an unknown god.
  1318 | D:2      | Found a runed translucent door.
  1319 | D:2      | Noticed Crazy Yiuf
  1477 | D:2      | Noticed Sigmund
  1810 | D:2      | Found a broken altar of Ashenzari.
  1817 | D:2      | Reached XP level 4. HP: 35/35 MP: 4/4
  1827 | D:2      | Reached skill level 1 in Polearms
  1978 | D:2      | Killed Sigmund
  1979 | D:2      | Reached skill level 1 in Maces & Flails
  1979 | D:2      | Reached skill level 5 in Shields
  1979 | D:2      | Reached skill level 1 in Translocations
  1979 | D:2      | Reached skill level 1 in Evocations
  1979 | D:2      | Reached XP level 5. HP: 17/42 MP: 5/5
  1979 | D:2      | Reached XP level 6. HP: 19/48 MP: 6/6
  2385 | D:2      | Slain by Crazy Yiuf

Illustrated notes

Levels and vault maps discovered:
D:1:      dpeg_arrival_castle, layout_basic, chequers_ecumenical_altar_grove
D:2:      layout_rooms, basic_altar, minmay_box_of_dots,
          uniq_crazy_yiuf_cottage, uniq_sigmund

Skill      XL: |  1  2  3  4 |
---------------+-------------+-----
Polearms       | 1 |  1.6
Maces & Flails | 1 |  1.4
Shields        | 5 |  5.4
Translocations | 1 |  1.3
Evocations     | 1 |  1.6
Fighting       | |  3.9
Axes           | |  2.7
Armour         | |  3.8

Action                   |  1- 3 |  4- 6 || total
-------------------------+-------+-------++-------
Melee: War axe           |   104 |    40 ||   144
  Use: Potion            |       |     3 ||     3
Armor: Scale mail        |    46 |    13 ||    59
Dodge: Dodged            |    49 |    15 ||    64
Block: Buckler           |    33 |     9 ||    42
